 Dungeon Crawl Stone Soup version 0.23-a0-577-g2b1de94 (webtiles) character file.

22 ilii the Caller (level 2, 0/21 HPs)
             Began as a Merfolk Summoner on Dec 15, 2018.
             Succumbed to an adder's poison
             ... on level 1 of the Dungeon.
             The game lasted 00:04:52 (1845 turns).

ilii the Caller (Merfolk Summoner)                  Turns: 1845, Time: 00:04:53

Health: 0/21       AC:  1    Str:  9 (10) XL:     2   Next: 91%
Magic:  3/5        EV: 18    Int: 13 (14) God:
Gold:   22         SH:  4    Dex: 18 (19) Spells: 4/5 levels left

rFire    . . .     SeeInvis .   (no weapon)
rCold    . . .     Gourm    .   (no shield)
rNeg     . . .     Faith    .   a - +0 robe
rPois    .         Spirit   .   (no helmet)
rElec    .         Reflect  .   (no cloak)
rCorr    .         Harm     .   (no gloves)
MR       .....                  (no boots)
Stlth    +++.......             (no amulet)
HPRegen  0.07/turn              (no ring)
MPRegen  0.09/turn              (no ring)

@: agile, lethally poisoned (0 -> -4), berserk cooldown, flying, hasted and
slowed
A: change form in water, swift swim, stealthy swim, large bone plates 1, blurry
vision 1, deformed body, strong 1
a: no special abilities


You were on level 1 of the Dungeon.
You were hungry.

You visited 1 branch of the dungeon, and saw 2 of its levels.

You collected 22 gold pieces.

Inventory:

Armour
 a - a +0 robe (worn)
Scrolls
 g - a scroll of blinking {unknown}
 j - a scroll of remove curse {unknown}
Comestibles
 c - 4 rations


   Skills:
 + Level 1.0 Fighting
 - Level 2.6 Dodging
 - Level 2.1 Stealth
 + Level 2.2 Spellcasting
 * Level 4.4 Summonings


You had 4 spell levels left.
You knew the following spells:

 Your Spells              Type           Power        Failure   Level  Hunger
a - Summon Small Mammal   Summ           ##..         4%          1    ##.....

Your spell library contained the following spells:

 Spells                   Type           Power        Failure   Level  Hunger
 Call Imp                 Summ           ##......     6%          2    ###....
 Call Canine Familiar     Summ           ##......     12%         3    ####...
 Summon Guardian Golem    Hex/Summ       #.......     30%         3    ####...
 Summon Ice Beast         Ice/Summ       #.......     69%         4    #####..
 Summon Lightning Spire   Summ/Air       #.......     69%         4    #####..


Dungeon Overview and Level Annotations

Branches:
Dungeon (2/15)

Altars:


Innate Abilities, Weirdness & Mutations

You revert to your normal form in water.
You are very nimble and swift while swimming.
You are very stealthy in the water. (Stealth+)
You are partially covered in large bone plates. (SH +4)
Scrolls take you a little longer to read.
Armour fits poorly on your strangely shaped body.
Your muscles are strong. (Str +2)


Message History

Your bat completely misses the hobgoblin.
Your bat hits the hobgoblin. The adder closely misses you.
Your bat closely misses the hobgoblin.
The adder barely misses you.
It was a potion of agility.
You feel agile all of a sudden.
Your bat hits the hobgoblin but does no damage.
The adder barely misses you.
Your bat hits the hobgoblin.
It was a potion of flight.
You feel very buoyant.
You fly up into the air.
Your bat closely misses the hobgoblin.
The adder closely misses you.
Your rat bites the hobgoblin.
Your bat misses the hobgoblin. The adder closely misses you.
You closely miss the adder.
Your bat completely misses the hobgoblin.
Your bat closely misses the hobgoblin.
Your rat bites the hobgoblin but does no damage.
Your bat barely misses the hobgoblin.
The adder misses you.
You hit the adder.
The adder is lightly wounded.
You die...

### ##.### ##...#
##.#.# #######
...#'#######
#.....#
...........#
#@###.#
...........# #S#
#.#
...........#####g#
#.#
..........rbg..rb#
#.#
...........#######
#.# ...........#
#.# >..........#
####.##
...........#
#.....#
...........#
#.##..#


You could see an adder, a hobgoblin, a friendly bat and a friendly rat.

Vanquished Creatures
  A jackal (D:1)
  A bat (D:1)
2 creatures vanquished.

Vanquished Creatures (collateral kills)
  A worm (D:2)
  A dart slug (D:1)
  2 leopard geckos (D:1)
  A ball python (D:2)
  5 bats (D:1)
  A giant cockroach (D:1)
  A goblin (D:1)
  3 hobgoblins (D:1)
  A frilled lizard (D:2)
  3 kobolds
  6 rats
25 creatures vanquished.

Grand Total: 27 creatures vanquished

Notes
Turn   | Place    | Note
-------+----------+-------------------------------------------
     0 | D:1      | ilii the Merfolk Summoner began the quest for the Orb.
     0 | D:1      | Reached XP level 1. HP: 13/13 MP: 3/3
   687 | D:1      | Reached XP level 2. HP: 6/20 MP: 1/5
  1662 | D:2      | Reached skill level 1 in Fighting
  1839 | D:1      | HP: 1/21 [poisoned by an adder]
  1840 | D:1      | Gained mutation: Armour fits poorly on your strangely
                  | shaped body. [potion of mutation]
  1840 | D:1      | Gained mutation: Scrolls take you a little longer to read.
                  | [potion of mutation]
  1840 | D:1      | Gained mutation: You are partially covered in large bone
                  | plates. (SH +4) [potion of mutation]
  1840 | D:1      | Gained mutation: Your muscles are strong. (Str +2) [potion
                  | of mutation]
  1845 | D:1      | Succumbed to an adder's poison

Vault maps used:
D:1:      dpeg_arrival_pond, serial_glass, glass_columns_a, glass_columns_a,
          hangedman_decor_opposing, minmay_tripent
D:2:      dancing_weapons_uskayaw, minivault_26, uniq_terence

Skill      XL: |  1  2 |
---------------+-------+-----
Fighting       | 1 |  1.0
Dodging        | |  2.6
Stealth        | |  2.1
Spellcasting   | |  2.2
Summonings     | |  4.4

Action                   || total
-------------------------++-------
Melee: Unarmed           ||    22
 Cast: Summon Small Mamm ||    61
  Use: Potion            ||     6
       Scroll            ||     1
 Stab: Sleeping          ||     1
  Eat: Chunk             ||     3
Armor: Robe              ||    23
Dodge: Dodged            ||    92

Table legend:
 A = Non-vault XP
 B = Vault XP
 C = Vault XP percentage of total XP
 D = Non-vault monster count
 E = Vault monster count
 F = Vault count percentage of total count
                 A         B        C        D         E       F
            +---------+---------+-------+---------+---------+-------
      Total |      29 |       3 |   9.4 |      25 |       2 |   7.4
            +---------+---------+-------+---------+---------+-------
        D:1 |      21 |       3 |  12.5 |      19 |       2 |   9.5
        D:2 |       8 |       0 |   0.0 |       6 |       0 |   0.0
            +---------+---------+-------+---------+---------+-------
